 Dungeon Crawl Stone Soup version 0.28.0-56-g4927b6849a (webtiles) character file.

Game seed: 1625462280975107104

110 cbfl8 the Skirmisher (level 4, -3/37 HPs)
             Began as a Demonspawn Berserker on Jan 26, 2023.
             Was a Believer of Trog.
             Killed by divine providence
             ... invoked by an orc priest
              (12 damage)
             ... on level 4 of the Dungeon.
             The game lasted 00:03:11 (2637 turns).

cbfl8 the Skirmisher (Demonspawn Berserker)         Turns: 2637, Time: 00:03:12

Health: -3/37      AC:  8    Str: 17    XL:     4   Next: 61%
Magic:  4/4        EV:  5    Int:  9    God:    Trog [**....]
Gold:   154        SH:  7    Dex: 14    Spells: 3/3 levels left

rFire   . . .      SeeInvis .   a - +0 hand axe
rCold   . . .      Faith    .   k - +0 kite shield
rNeg    . . .      Spirit   .   h - +0 chain mail
rPois   .          Reflect  .   (no helmet)
rElec   .          Harm     .   (no cloak)
rCorr   .          Rampage  .   (no gloves)
Will    .....                   (no boots)
Stlth   ..........              d - amulet of regeneration
HPRegen 0.92/turn               (no ring)
MPRegen 0.09/turn               (no ring)

@: mighty
A: hooves 1, powered by pain 1
a: Renounce Religion, Berserk, Trog's Hand


You were on level 4 of the Dungeon.
You worshipped Trog.
Trog was pleased with you.
You visited 1 branch of the dungeon, and saw 4 of its levels.

You collected 154 gold pieces.

Inventory:

Hand Weapons
 a - a +0 hand axe (weapon)
Armour
 h - a +0 chain mail (worn)
 k - a +0 kite shield (worn)
Jewellery
 d - an amulet of regeneration (around neck)
Scrolls
 c - a scroll of fear {unknown}
 e - 2 scrolls of identify {unknown}
 f - a scroll of blinking {unknown}
 j - 3 scrolls of immolation {unknown}
 l - a scroll of teleportation {unknown}
 o - a scroll of vulnerability {unknown}
Potions
 b - a potion of might {unknown}
 g - a potion of attraction {unknown}
 i - a potion of degeneration {unknown}
 m - 2 potions of curing {unknown}
 n - a potion of heal wounds {unknown}
 p - a potion of cancellation {unknown}


   Skills:
 + Level 3.8 Fighting
 + Level 3.7 Axes
 + Level 2.3 Armour
 + Level 2.3 Dodging
 + Level 0.2 Stealth


You had 3 spell levels left.
You didn't know any spells.
Your spell library was empty.

Dungeon Overview and Level Annotations

Branches:
Dungeon (4/15)
 Temple: D:4-7

Altars:


Innate Abilities, Weirdness & Mutations

You have large cloven feet.
You sometimes gain a little power by taking damage.


Message History

There are monsters nearby!
You hear a shout! x2
An orc comes into view. It is wielding a +0 club.
The orc priest miscasts a cantrip.
An orc and a quokka skeleton come into view.
The orc shouts! x2; You hear a shout!
The orc priest looks encouraged for a moment.
You hit the orc.
The orc is lightly wounded.
The orc hits you but does no damage.
An orc wizard comes into view. It is wielding a +0 dagger.
You block the orc's attack.
Unknown command.
The orc priest looks braver for a moment.
The orc barely misses you. The orc hits you but does no damage.
The orc hits you with a +0 club.
You hit the orc. You kick the orc.
You kill the orc!
Trog accepts your kill.
You hit the orc.
The orc hits you from afar with a +0 trident.
The orc barely misses you.
The orc priest invokes the aid of Beogh against you.
Beogh smites you!
You focus on the pain.
You feel very mighty all of a sudden.
A centaur comes into view.
The orc hits you with a +0 mace. The orc hits you but does no damage.
Things that are here:
a +0 club; an orc corpse You slash the orc!
You kill the orc!
Trog accepts your kill. The orc barely misses you.
The orc priest invokes the aid of Beogh against you.
Beogh smites you!
* * * LOW HITPOINT WARNING * * *
Okay, then.
The orc priest invokes the aid of Beogh against you.
Beogh smites you!
You die...

.. #o# ...≈≈.# ...
#)##...≈... ...#
#.)#...≈..≈
....###o.......≈
#.....#.....#.##
#.....o?.≈....#
###.....≈≈≈#.#..
#####....##...#.##
#......@...#.....##
#.................##
#...................
#..>...............#
.....................#
......................
.....................#
.....................#
.....[........<(......


You could see an orc priest and an orc.

Vanquished Creatures
  A gnoll (D:1)
  4 adders
  2 worms
  A dart slug (D:2)
  3 orcs
  8 ball pythons
  2 bats
  7 endoplasms
  2 giant cockroaches
  7 goblins
  3 hobgoblins
  3 quokkas
  2 frilled lizards
  2 kobolds (D:2)
  5 rats
52 creatures vanquished.

Notes
Turn   | Place    | Note
-------+----------+-------------------------------------------
     0 | D:1      | cbfl8 the Demonspawn Berserker began the quest for the Orb.
     0 | D:1      | Reached XP level 1. HP: 18/18 MP: 1/1
   110 | D:1      | Gained mutation: You have large cloven feet. [demonic
                  | ancestry]
   110 | D:1      | Reached XP level 2. HP: 7/24 MP: 2/2
  1589 | D:2      | Reached XP level 3. HP: 27/29 MP: 3/3
  1701 | D:2      | Reached ** piety under Trog
  1778 | D:2      | Found a faded altar of an unknown god.
  1958 | D:3      | Gained mutation: You sometimes gain a little power by
                  | taking damage. [demonic ancestry]
  1958 | D:3      | Reached XP level 4. HP: 37/37 MP: 4/4
  2629 | D:4      | Noticed a centaur
  2637 | D:4      | Killed from afar by an orc priest

Illustrated notes

Levels and vault maps discovered:
D:1:      minmay_arrival_plants_in_alcoves, layout_basic,
          hangedman_feature_mirror
D:2:      layout_rooms, basic_ecumenical_altar, minmay_misc_feat_pillars
D:3:      wander_river, layout_loops_ring, hangedman_decor_push,
          solitary_fountain
D:4:      layout_rooms, serial_rivers, chequers_serial_rivers_small_3,
          chequers_serial_rivers_small_b, chequers_serial_rivers_small_b,
          chequers_serial_rivers_micro_c, uniq_eustachio

Skill      XL: |  1  2  3 |
---------------+----------+-----
Axes           | 3 |  3.7
Armour         | 2 |  2.3
Dodging        | 2 |  2.3
Fighting       | |  3.8
Stealth        | |  0.2

Action                   |  1- 3 |  4- 6 || total
-------------------------+-------+-------++-------
Melee: Hand axe          |    92 |    60 ||   152
       Kick              |    15 |    10 ||    25
Armor: Chain mail        |    31 |    33 ||    64
Dodge: Dodged            |    53 |    21 ||    74
Block: Kite shield       |     1 |    22 ||    23
